 Dungeon Crawl Stone Soup version 0.25.1-8-g42b30a86e7 (webtiles) character file.

Game seed: 4183083981157049969

8838 Cazemata the Fighter (level 11, -4/111 HPs)
             Began as a Minotaur Berserker on Dec 21, 2020.
             Was a High Priest of Trog.
             Killed by nerve-wracking pain
             ... invoked by an orc priest
              (11 damage)
             ... on level 9 of the Dungeon on Dec 22, 2020.
             The game lasted 00:33:18 (9061 turns).

Cazemata the Fighter (Minotaur Berserker)           Turns: 9061, Time: 00:33:19

Health: -4/111     AC: 12    Str: 23    XL:     11   Next: 15%
Magic:  0/8        EV:  8    Int:  6    God:    Trog [*****.]
Gold:   549        SH:  0    Dex: 10    Spells: 10/10 levels left

rFire    + . .     SeeInvis .   a - +0 hand axe
rCold    . . .     Gourm    .   (no shield)
rNeg     . . .     Faith    .   y - +2 chain mail {rPois}
rPois    +         Spirit   +   (helmet restricted)
rElec    .         Reflect  .   (no cloak)
rCorr    .         Harm     .   e - +0 pair of gloves
MR       .....     Clarity  +   (no boots)
Stlth    ..........             D - amulet of guardian spirit
HPRegen  0.00/turn              j - ring of stealth
MPRegen  0.11/turn              k - +4 ring of slaying

@: no status effects
A: retaliatory headbutt, horns 2, clarity, fire resistance 1, low mp 1, shaggy
fur 1, inhibited regeneration
a: Berserk, Trog's Hand, Brothers in Arms, Renounce Religion


You were on level 9 of the Dungeon.
You worshipped Trog.
Trog was extremely pleased with you.
You were not hungry.

You visited 2 branches of the dungeon, and saw 10 of its levels.

You collected 549 gold pieces.

Inventory:

Hand Weapons
 a - a +0 hand axe (weapon)
Armour
 b - a +0 animal skin
 d - a +0 ring mail
 e - a +0 pair of gloves (worn)
 y - a +2 chain mail of poison resistance (worn)
 E - +0 fire dragon scales
Jewellery
 j - a ring of stealth (left hand)
 k - a +4 ring of slaying (right hand)
 o - an uncursed ring of protection from fire
 D - an amulet of guardian spirit (around neck)
Wands
 r - a wand of iceblast (13)
 s - a wand of clouds (3)
 x - a wand of digging (8)
Scrolls
 g - 3 scrolls of identify
 i - 2 scrolls of teleportation
 l - a scroll of remove curse
Potions
 f - a potion of degeneration {unknown}
 h - a potion of berserk rage {unknown}
 m - 5 potions of curing
 n - a potion of lignification
 p - a potion of brilliance {unknown}
 t - a potion of flight {unknown}
 u - 2 potions of cancellation
Comestibles
 c - 23 rations
 q - 8 chunks of flesh


   Skills:
 * Level 14.8 Fighting
 - Level 14.0 Axes
 - Level 2.4 Armour
 - Level 2.1 Dodging


You had 10 spell levels left.
You didn't know any spells.
Your spell library was empty.

Dungeon Overview and Level Annotations

Branches:
Dungeon (9/15)             Temple (1/1) D:7            Lair (0/6) D:8
    Orc: D:9-12

Altars:
Ashenzari
Cheibriados
Dithmenos
Elyvilon
Fedhas
Gozag
Hepliaklqana
Kikubaaqudgha
Makhleb
Nemelex Xobeh
Okawaru
Qazlal
Ru
Sif Muna
Trog
Uskayaw
Vehumet
Xom
Yredelemnul
Zin
The Shining One

Shops:
D:9 %


Innate Abilities, Weirdness & Mutations

You reflexively headbutt those who attack you in melee.
You have a pair of horns on your head.
You possess an exceptional clarity of mind.
Your flesh is heat resistant. (rF+)
Your magical capacity is low. (-10% MP)
You are covered in fur. (AC +1)
You do not regenerate when monsters are visible.


Message History

The big kobold hits you but does no damage.
You barely miss the big kobold. You headbutt the big kobold.
You kill the big kobold!
Trog accepts your kill.
The orc priest calls down the wrath of Beogh upon you.
Pain shoots through your body!
* * * LOW HITPOINT WARNING * * *
The orc priest calls down the wrath of Beogh upon you.
Beogh smites you!
* * * LOW HITPOINT WARNING * * *
Items here: ( ) ††††††††
Things that are here:
a +0 hand axe; a +0 leather armour; a killer bee corpse You slash the orc priest!
The orc priest is severely wounded.
You hit the orc priest but do no damage.
The orc priest is severely wounded.
The orc priest invokes the aid of Beogh against you.
Pain shoots through your body!
You die...

..... . ..#... .. .....
.............. ....
#............. #..##
#............
#...#####............
#...)))()...(........
..###..o@###..........(..
.........###.............
.........................
............#....##......
.............###..#......
(.........)..# #........)
........<.†..# #.........
..<.........## ##.......#
?............ #........#


You could see an orc priest.

Vanquished Creatures
  3 death yaks (D:8)
  The ghost of Abzac the Cleaver, a novice HOMo of Okawaru (D:6)
  Joseph (D:8)
  Maggie (D:7)
  A troll (D:9)
  A spriggan (D:7)
  Eustachio (D:5)
  9 yaks (D:9)
  Edmund (D:5)
  3 porcupines (D:8)
  A black bear (D:8)
  An ice beast (D:6)
  A sky beast (D:5)
  An orc warrior (D:9)
  A phantom (D:7)
  5 ogres
  The ghost of Clowwww the Skirmisher, an amateur DsFi (D:3)
  A big kobold (D:9)
  2 bullfrogs (D:8)
  2 scorpions
  14 killer bees
  3 crimson imps
  A centaur skeleton (D:7)
  3 orc priests
  2 jellies
  3 hounds
  5 bullfrog skeletons
  7 orc wizards
  A gnoll shaman (D:8)
  Terence (D:3)
  Jessica (D:3)
  4 hell rats (D:8)
  8 worker ants
  2 iguanas
  A killer bee zombie (D:8)
  The ghost of Destapler the Skirmisher, a weakling HOFi (D:3)
  2 worker ant zombies
  Robin (D:3)
  15 adders
  9 gnolls
  A howler monkey skeleton (D:6)
  A shadow imp (D:6)
  2 oozes
  5 adder skeletons
  4 worms
  3 dart slugs
  4 leopard geckos
  59 orcs
  4 ball pythons
  13 bats
  7 giant cockroaches
  15 goblins
  14 hobgoblins
  5 jackals (D:3)
  8 quokkas
  12 frilled lizards
  12 kobolds
  A leopard gecko zombie (D:6)
  12 rats
304 creatures vanquished.

Vanquished Creatures (collateral kills)
  A yak (D:9)
  A hungry ghost (D:9)
  A killer bee (D:9)
3 creatures vanquished.

Vanquished Creatures (others)
  A human (D:4)
1 creature vanquished.

Grand Total: 308 creatures vanquished

Notes
Turn   | Place    | Note
-------+----------+-------------------------------------------
     0 | D:1      | Cazemata the Minotaur Berserker began the quest for the
                  | Orb.
     0 | D:1      | Reached XP level 1. HP: 19/19 MP: 0/0
   159 | D:1      | Reached XP level 2. HP: 19/26 MP: 1/1
   430 | D:1      | Reached skill level 5 in Axes
   534 | D:1      | Reached XP level 3. HP: 26/31 MP: 2/2
   864 | D:2      | Reached ** piety under Trog
  1119 | D:2      | Reached XP level 4. HP: 36/39 MP: 3/3
  1688 | D:3      | Noticed Jessica
  1695 | D:3      | Killed Jessica
  1695 | D:3      | Reached XP level 5. HP: 40/45 MP: 4/4
  1721 | D:3      | Found a runed translucent gate.
  1721 | D:3      | Found a runed translucent gate.
  1722 | D:3      | Found a runed translucent gate.
  1723 | D:3      | Noticed Clowwww's ghost (amateur DsFi)
  1724 | D:3      | Noticed Destapler's ghost (weakling HOFi)
  1743 | D:3      | Killed Destapler's ghost
  1743 | D:3      | Killed Clowwww's ghost
  1837 | D:3      | Noticed Robin
  1845 | D:3      | Reached *** piety under Trog
  1849 | D:3      | Reached XP level 6. HP: 48/51 MP: 5/5
  1884 | D:3      | Killed Robin
  1900 | D:3      | Found a burning altar of Makhleb.
  1905 | D:3      | Found a snail-covered altar of Cheibriados.
  1905 | D:3      | Found a white marble altar of Elyvilon.
  2344 | D:3      | Noticed Terence
  2363 | D:3      | Killed Terence
  2784 | D:4      | Found an ancient bone altar of Kikubaaqudgha.
  2785 | D:4      | Noticed a human
  2787 | D:4      | Killed a human
  2808 | D:4      | Reached XP level 7. HP: 54/57 MP: 6/6
  2933 | D:4      | Reached skill level 10 in Axes
  2948 | D:4      | Reached **** piety under Trog
  2986 | D:4      | Found a sparkling altar of Nemelex Xobeh.
  3353 | D:5      | Entered Level 5 of the Dungeon
  3578 | D:5      | You fall into a shaft and drop 3 floors!
  3677 | D:8      | Noticed Joseph
  3699 | D:8      | Killed Joseph
  3699 | D:8      | Reached XP level 8. HP: 53/64 MP: 7/7
  4022 | D:7      | Found a staircase to the Ecumenical Temple.
  4032 | D:7      | Noticed Maggie
  4047 | D:7      | Killed Maggie
  4093 | D:7      | Gained mutation: You do not regenerate when monsters are
                  | visible. [potion of mutation]
  4093 | D:7      | Gained mutation: You evolve. [potion of mutation]
  4094 | D:7      | Lost mutation: You evolve. [potion of mutation]
  4094 | D:7      | Gained mutation: You are frail. (-10% HP) [potion of
                  | mutation]
  4094 | D:7      | Gained mutation: You are covered in fur. (AC +1) [potion of
                  | mutation]
  4095 | D:7      | Lost mutation: You are frail. (-10% HP) [potion of
                  | mutation]
  4095 | D:7      | Gained mutation: You possess an exceptional clarity of
                  | mind. [potion of mutation]
  4095 | D:7      | Gained mutation: Your magical capacity is low. (-10% MP)
                  | [potion of mutation]
  4095 | D:7      | Gained mutation: Your flesh is heat resistant. (rF+)
                  | [potion of mutation]
  4240 | D:6      | Found an iron altar of Okawaru.
  4415 | D:6      | Reached XP level 9. HP: 62/70 MP: 5/7
  4768 | D:5      | Noticed Edmund
  4780 | D:5      | Killed Edmund
  4930 | D:5      | Noticed Eustachio
  4945 | D:5      | Killed Eustachio
  4945 | D:5      | Reached skill level 5 in Fighting
  6219 | D:6      | Found a runed translucent door.
  6219 | D:6      | Noticed Abzac's ghost (novice HOMo)
  6498 | D:6      | Killed Abzac's ghost
  6663 | D:7      | Reached ***** piety under Trog
  6663 | D:7      | Reached skill level 10 in Fighting
  7172 | Temple   | Entered the Ecumenical Temple
  7593 | D:8      | Reached XP level 10. HP: 89/94 MP: 6/8
  7666 | D:8      | Found an iron altar of Okawaru.
  7730 | D:8      | Found a staircase to the Lair.
  7734 | D:8      | Noticed a death yak
  7735 | D:8      | Noticed a death yak
  7752 | D:8      | Noticed a death yak
  7764 | D:8      | Killed a death yak
  7773 | D:8      | Killed a death yak
  7780 | D:8      | Killed a death yak
  8042 | D:8      | Found a stormy altar of Qazlal.
  8808 | D:9      | Found Rotups's Food Shoppe.
  8940 | D:9      | Reached XP level 11. HP: 79/110 MP: 7/8
  9061 | D:9      | Killed from afar by an orc priest

Illustrated notes

Levels and vault maps discovered:
D:1:      minmay_arrival_hallway, layout_basic, item_on_display_a
D:2:      layout_rooms
D:3:      layout_rooms, chequers_temple_overflow_statue_of_worship,
          gammafunk_ghost_cemetery, uniq_robin, uniq_terence, uniq_jessica
D:4:      minmay_diamond_boxcup, layout_rooms, lemuel_crystal_altar,
          tgw_kikubaaqudgha
D:5:      kennysheep_six_static_rooms, layout_cave_pods, first_ration,
          chequers_garden, minmay_fountain_box, minmay_misc_feat_columns,
          uniq_eustachio, uniq_edmund
D:6:      layout_loops_corners, ebering_ghost_inner_flame, minmay_ruined_shrine
D:7:      layout_loops_ring, minmay_temple_entry_statues_fountains, the_bakery,
          uniq_maggie
D:8:      layout_layer_cave, kennysheep_mini_moat, old_standard_altar,
          dpeg_lair_monsters, uniq_joseph
D:9:      layout_cave_pools, lemuel_crystal_altar, hiddenorc2_lemuel,
          serial_shops, kennysheep_little_box, shop
Temple:   regret_index_temple_waves

Skill      XL: |  1  2  3  4  5  6  7  8  9 10 |
---------------+-------------------------------+-----
Axes           | 4 5 6 8 9 11 13 14 | 14.0
Fighting       | 10 14 | 14.8
Armour         | |  2.4
Dodging        | |  2.1

Action                   |  1- 3 |  4- 6 |  7- 9 | 10-12 || total
-------------------------+-------+-------+-------+-------++-------
Melee: Hand axe          |   105 |   172 |   395 |   229 ||   901
       Headbutt          |    10 |    36 |    72 |    42 ||   160
Invok: Trog's Hand       |       |     4 |     4 |     3 ||    11
       Berserk           |       |     2 |     2 |     2 ||     6
       Brothers in Arms  |       |       |       |     1 ||     1
  Use: Scroll            |       |       |    15 |       ||    15
       Potion            |       |       |    12 |     1 ||    13
  Eat: Chunk             |     1 |     9 |    15 |     7 ||    32
       Ration            |       |       |     1 |     1 ||     2
Armor: Ring mail         |    42 |    50 |    14 |       ||   106
       Chain mail        |       |       |   118 |    52 ||   170
       Skin              |       |       |       |    20 ||    20
Dodge: Dodged            |    68 |    93 |   108 |    60 ||   329
